 Dungeon Crawl Stone Soup version 0.23-a0-641-g0a7f1ce553 (webtiles) character file.

493 HereIgoKillingAgain the Insei (level 6, -3/43 HPs)
             Began as a Demonspawn Transmuter on Dec 30, 2018.
             Slain by a gnoll (9 damage)
             ... on level 4 of the Dungeon.
             The game lasted 00:06:29 (5213 turns).

HereIgoKillingAgain the Insei (DsTm)                Turns: 5213, Time: 00:06:29

Health: -3/43      AC:  4    Str: 17    XL:     6   Next: 92%
Magic:  9/9        EV: 12    Int: 15    God:
Gold:   92         SH:  0    Dex: 13    Spells: 6/9 levels left

rFire    . . .     SeeInvis .     - Unarmed
rCold    . . .     Gourm    .   (no shield)
rNeg     . . .     Faith    .   b - +0 robe
rPois    .         Spirit   .   (no helmet)
rElec    .         Reflect  .   (no cloak)
rCorr    .         Harm     .   (no gloves)
MR       .....                  (no boots)
Stlth    +++.......             (no amulet)
HPRegen  0.14/turn              (no ring)
MPRegen  0.11/turn              (no ring)

@: mighty
A: hooves 1, slimy green scales 1, nightstalker 2, powered by pain 1
a: no special abilities


You were on level 4 of the Dungeon.
You were not hungry.

You visited 1 branch of the dungeon, and saw 4 of its levels.

You collected 92 gold pieces.

Inventory:

Missiles
 a - 117 arrows
Armour
 b - a +0 robe (worn)
Wands
 n - a wand of acid (2)
Scrolls
 c - 2 scrolls of identify
 f - a scroll of blinking
 g - a scroll of fear
 i - a scroll of teleportation
 j - a scroll of remove curse {unknown}
 l - a scroll of magic mapping
Potions
 e - a potion of curing
 h - a potion of flight {unknown}
 k - 2 potions of brilliance {unknown}
Comestibles
 d - 2 rations


   Skills:
 - Level 1.0 Fighting
 - Level 1.7 Dodging
 * Level 6.0 Unarmed Combat
 - Level 2.0 Spellcasting
 + Level 3.0 Transmutations
 + Level 3.0 Evocations


You had 6 spell levels left.
You knew the following spells:

 Your Spells              Type           Power        Failure   Level  Hunger
a - Beastly Appendage     Tmut           ##....       6%          1    #......
b - Sticks to Snakes      Tmut           ##......     10%         2    ###....

Your spell library contained the following spells:

 Spells                   Type           Power        Failure   Level  Hunger
 Spider Form              Tmut/Pois      #.........   34%         3    ###....
 Ice Form                 Ice/Tmut       #.......     75%         4    #####..
 Blade Hands              Tmut           ##........   87%         5    ######.


Dungeon Overview and Level Annotations

Branches:
Dungeon (4/15)
 Temple: D:4-7

Altars:
Ashenzari
Gozag
Ru
Trog
Xom


Innate Abilities, Weirdness & Mutations

You have large cloven feet.
You are partially covered in slimy green scales. (AC +2)
You are significantly more attuned to the shadows.
You sometimes gain a little power by taking damage.


Message History

The gnoll hits you with a +0 spear!
You are too injured to fight recklessly!
You closely miss the gnoll. The gnoll closely misses you.
The gnoll shouts!
You hit the gnoll. You kick the gnoll!
You kill the gnoll!
Your Transmutations skill increases to level 3!
Your Evocations skill increases to level 3!
You hear a shout!
Things that are here:
a +0 spear; a scroll of identify; a gnoll corpse The gnoll hits you with a +0 spear.
The gnoll hits you from afar with a +0 spear.
The gnoll hits you but does no damage.
You punch the gnoll!
The gnoll is severely wounded.
The gnoll hits you with a +0 spear!
* * * LOW HITPOINT WARNING * * *
The gnoll hits you!
You die...

...#....# #### #.[..#.........#
.....#.## #... ##...#....######
.....#.# #...##.......#.#######
.......# #.......###..........
......## #.......###..........
......# #...###..##..........
......## ##...###.....)........
.....†.####...g.###.#...........
.......)..)...g@..#.).).........
.............####..##...........
....<..#####.#####..#...........
......g.....<..# ##.............
......##.......# ##............
.....#........# #.#..##..####
...............#.###.##
............##.#.###..#
......>...............#


You could see 2 gnolls.

Vanquished Creatures
  3 orc priests
  5 orc wizards
  Jessica (D:2)
  Terence (D:2)
  8 adders
  2 gnolls (D:4)
  An ooze (D:3)
  A worm (D:4)
  A dart slug (D:1)
  3 leopard geckos
  11 orcs
  9 bats
  2 giant cockroaches
  16 goblins
  15 hobgoblins
  2 jackals (D:2)
  10 kobolds
  2 quokkas (D:3)
  A ball python (D:3)
  6 frilled lizards
  A quokka skeleton (D:4)
  13 rats
114 creatures vanquished.

Notes
Turn   | Place    | Note
-------+----------+-------------------------------------------
     0 | D:1      | HereIgoKillingAgain the Demonspawn Transmuter began the
                  | quest for the Orb.
     0 | D:1      | Reached XP level 1. HP: 15/15 MP: 3/3
   273 | D:1      | Reached skill level 3 in Unarmed Combat
   504 | D:1      | Gained mutation: You sometimes gain a little power by
                  | taking damage. [demonic ancestry]
   504 | D:1      | Reached XP level 2. HP: 8/21 MP: 5/5
  1076 | D:1      | Gained mutation: You have large cloven feet. [demonic
                  | ancestry]
  1076 | D:1      | Reached XP level 3. HP: 16/26 MP: 6/6
  1416 | D:2      | Reached skill level 4 in Unarmed Combat
  1617 | D:2      | Found an opulent altar of Gozag.
  1736 | D:2      | Noticed Terence
  1740 | D:2      | Killed Terence
  1740 | D:2      | Gained mutation: You are slightly more attuned to the
                  | shadows. [demonic ancestry]
  1740 | D:2      | Reached XP level 4. HP: 14/32 MP: 7/7
  1844 | D:2      | Noticed Jessica
  1865 | D:2      | Killed Jessica
  1865 | D:2      | Reached skill level 1 in Evocations
  2290 | D:2      | Found a shimmering altar of Xom.
  2306 | D:2      | HP: 1/48 [kobold (2)]
  2307 | D:2      | Gained mutation: You are significantly more attuned to the
                  | shadows. [demonic ancestry]
  2307 | D:2      | Reached XP level 5. HP: 1/37 MP: 8/8
  2617 | D:2      | Found a sacrificial altar of Ru.
  2689 | D:2      | Reached skill level 5 in Unarmed Combat
  3017 | D:3      | Learned a level 2 spell: Sticks to Snakes
  3150 | D:3      | Found a shattered altar of Ashenzari.
  3853 | D:3      | Noticed a moth of wrath
  3856 | D:3      | Found a bloodstained altar of Trog.
  4535 | D:3      | Gained mutation: You are partially covered in slimy green
                  | scales. (AC +2) [demonic ancestry]
  4535 | D:3      | Reached XP level 6. HP: 19/43 MP: 9/9
  4988 | D:4      | Reached skill level 6 in Unarmed Combat
  5213 | D:4      | Slain by a gnoll

Vault maps used:
D:1:      lemuel_arrival_cross, due_unseen_surprise
D:2:      xom_teletrap_fun, nicolae_ru_great_annihilating_truth,
          nicolae_gozag_cash_rules_everything_around_me, uniq_terence,
          uniq_jessica
D:3:      old_standard_altar, tgw_trog
D:4:      tso_oasis_becter, minmay_temple_entry_offerings

Skill      XL: |  1  2  3  4  5  6 |
---------------+-------------------+-----
Unarmed Combat | 3 4 5 6 |  6.0
Evocations     | 1 2 3 |  3.0
Transmutations | 2 3 |  3.0
Fighting       | |  1.0
Dodging        | |  1.7
Spellcasting   | |  2.0

Action                   |  1- 3 |  4- 6 || total
-------------------------+-------+-------++-------
Melee: Unarmed           |   155 |   204 ||   359
       Punch             |     4 |     3 ||     7
       Kick              |     8 |    34 ||    42
       Headbutt          |       |    10 ||    10
 Cast: Beastly Appendage |       |     9 ||     9
Evoke: Wand              |     2 |     5 ||     7
  Use: Potion            |     1 |     1 ||     2
       Scroll            |       |     8 ||     8
 Stab: Sleeping          |       |     6 ||     6
       Paralysed         |       |     1 ||     1
  Eat: Chunk             |     2 |     7 ||     9
       Ration            |       |     2 ||     2
Armor: Robe              |    33 |    23 ||    56
       Skin              |     5 |       ||     5
Dodge: Dodged            |   104 |   110 ||   214

Table legend:
 A = Non-vault XP
 B = Vault XP
 C = Vault XP percentage of total XP
 D = Non-vault monster count
 E = Vault monster count
 F = Vault count percentage of total count
                 A         B        C        D         E       F
            +---------+---------+-------+---------+---------+-------
      Total |     623 |      82 |  11.6 |     104 |      10 |   8.8
            +---------+---------+-------+---------+---------+-------
        D:1 |      44 |       0 |   0.0 |      24 |       0 |   0.0
        D:2 |      89 |      78 |  46.7 |      28 |       6 |  17.6
        D:3 |     287 |       4 |   1.4 |      42 |       4 |   8.7
        D:4 |     203 |       0 |   0.0 |      10 |       0 |   0.0
            +---------+---------+-------+---------+---------+-------
